 Dungeon Sprint DCSS version 0.27-a0-797-g27d10ad80f (webtiles) character file.

Game seed: 4394076907842738954

2341 mhtbhm the Basher (level 9, 0/102 HPs)
             Began as a Troll Berserker on Mar 27, 2021.
             Was a High Priest of Trog.
             Slain by a wraith (8 damage)
             ... in the Dungeon (Sprint IX: "|||||||||||||||||||||||||||||").
             The game lasted 00:00:56 (237 turns).

mhtbhm the Basher (Troll Berserker)                  Turns: 237, Time: 00:00:56

Health: 0/102      AC:  4    Str: 30    XL:     9   Next: 20%
Magic:  8/8        EV: 15    Int:  3    God:    Trog [*****.]
Gold:   0          SH:  0    Dex: 12    Spells: 8/8 levels left

rFire    . . .     SeeInvis .   a - +2 dire flail (vorpal)
rCold    . . .     Faith    .   (shield currently unavailable)
rNeg     . . .     Spirit   .   b - +0 animal skin
rPois    .         Reflect  .   (helmet restricted)
rElec    .         Harm     .   (no cloak)
rCorr    .         Rampage  .   (gloves unavailable)
Will     .....     NoTele   +   (boots unavailable)
Stlth    +.........             (no amulet)
HPRegen  1.27/turn              k - +2 ring of evasion
MPRegen  0.11/turn              l - +3 ring of dexterity

@: berserk cooldown, slowed, very slow
A: large, unfitting armour, claws 3, regeneration 1, shaggy fur 1, tough skin 1
a: Renounce Religion, Berserk, Trog's Hand, Brothers in Arms


You were in the Dungeon.
You worshipped Trog.
Trog was extremely pleased with you.
You visited 1 branch

Inventory:

Hand Weapons
 a - a +2 vorpal dire flail (weapon)
Armour
 b - a +0 animal skin (worn)
Jewellery
 k - a +2 ring of evasion (left claw)
 l - a +3 ring of dexterity (right claw)
Wands
 j - a wand of acid (10)
Scrolls
 h - 2 scrolls of blinking
Potions
 c - 5 potions of curing
 d - 3 potions of heal wounds
 e - a potion of haste
 f - 4 potions of magic
 g - a potion of berserk rage
 i - a potion of invisibility


   Skills:
 + Level 10.3 Fighting
 + Level 12.6 Maces & Flails
 + Level 9.5 Dodging
 + Level 0.3 Stealth


You had 8 spell levels left.
You didn't know any spells.
Your spell library was empty.

Dungeon Overview and Level Annotations

Branches:
Dungeon (1/1)

Altars:
Cheibriados
Dithmenos
Elyvilon
Fedhas
Gozag
Hepliaklqana
Kikubaaqudgha
Makhleb
Nemelex Xobeh
Okawaru
Qazlal
Ru
Sif Muna
Trog
Uskayaw
Vehumet
Wu Jian
Xom
Yredelemnul
Zin
The Shining One
Beogh
Jiyva
Lugonu


Innate Abilities, Weirdness & Mutations

You are too large for most types of armour.
You have claws for hands.
Your natural rate of healing is unusually fast.
You are covered in fur. (AC +1)
You have tough skin. (AC +1)


Message History

Trog accepts your kill.
Trog appreciates your killing of a magic user.
The fire elemental disappears in a puff of smoke!
You are covered in liquid flames!
* * * LOW HITPOINT WARNING * * *
You have reached level 9!
Your experience leads to an increase in your attributes!
Your base attributes are Str 28, Int 3, Dex 9.
Increase (S)trength, (I)ntelligence, or (D)exterity?
Uppercase letters only, please.
You feel stronger. x2
Unknown command.
You bludgeon the orc wizard!!
You kill the orc wizard!
Trog accepts your kill.
Trog appreciates your killing of a magic user.
You are covered in liquid flames!
* * * LOW HITPOINT WARNING * * *
Unknown command.
You barely miss the wraith.
You are covered in liquid flames!
* * * LOW HITPOINT WARNING * * *
The wraith hits you.
* * * LOW HITPOINT WARNING * * *
The wraith drains your vigour!
You feel as though you will be slow longer.
You hit the wraith but do no damage. The wraith closely misses you.
You hit the wraith.
The wraith is lightly damaged.
The wraith misses you.
You hit the wraith.
The wraith is lightly damaged.
The wraith hits you!
* * * LOW HITPOINT WARNING * * *
The wraith drains your vigour!
You feel as though you will be slow longer.
You hit the wraith.
The wraith is heavily damaged.
The wraith hits you!
You die... ▓▓▓▓▓▓▓▓▓▓▓▓▓▓▓▓▓▓▓▓▓▓ +...W@)'..))))'..[[[.) ▓▓▓▓▓▓▓▓▓▓▓▓▓▓▓▓▓▓▓▓▓▓

You could see a wraith.

Vanquished Creatures
  A centaur warrior (D)
  A deep elf pyromancer (D)
  A cyclops (D)
  A gargoyle (D)
  A slime creature (D)
  A yak (D)
  2 centaurs (D)
  A gnoll sergeant (D)
  A hound (D)
  An iguana (D)
  An orc wizard (D)
  A bat zombie (D)
  2 goblins (D)
  A jackal (D)
  2 quokkas (D)
  A ball python skeleton (D)
  A frilled lizard (D)
  A rat (D)
21 creatures vanquished.

Notes
Turn   | Place    | Note
-------+----------+-------------------------------------------
     0 | D        | mhtbhm the Troll Berserker began the quest for the Orb.
     0 | D        | Reached XP level 1. HP: 22/22 MP: 0/0
     4 | D        | Banished a spatial maelstrom
     8 | D        | Reached skill level 3 in Maces & Flails
     8 | D        | Reached ** piety under Trog
    47 | D        | Noticed a hound
    47 | D        | Noticed an iguana
    55 | D        | Killed an iguana
    56 | D        | Reached skill level 4 in Maces & Flails
    56 | D        | Reached XP level 2. HP: 32/32 MP: 1/1
    56 | D        | Reached XP level 3. HP: 39/39 MP: 2/2
    56 | D        | Reached *** piety under Trog
    62 | D        | Reached skill level 5 in Maces & Flails
    67 | D        | Found a snail-covered altar of Cheibriados.
    67 | D        | Found a shadowy altar of Dithmenos.
    67 | D        | Found a white marble altar of Elyvilon.
    67 | D        | Found a blossoming altar of Fedhas.
    67 | D        | Found an opulent altar of Gozag.
    68 | D        | Found a hazy altar of Hepliaklqana.
    69 | D        | Found a viscous altar of Jiyva.
    70 | D        | Found an ancient bone altar of Kikubaaqudgha.
    71 | D        | Found a corrupted altar of Lugonu.
    72 | D        | Found a burning altar of Makhleb.
    73 | D        | Found a sparkling altar of Nemelex Xobeh.
    74 | D        | Found an iron altar of Okawaru.
    75 | D        | Found a stormy altar of Qazlal.
    76 | D        | Found a sacrificial altar of Ru.
    77 | D        | Found a shimmering blue altar of Sif Muna.
    78 | D        | Found a bloodstained altar of Trog.
    79 | D        | Found a hide-covered altar of Uskayaw.
    80 | D        | Found a radiant altar of Vehumet.
    81 | D        | Found an ornate altar of the Wu Jian Council.
    82 | D        | Found a shimmering altar of Xom.
    83 | D        | Found a basalt altar of Yredelemnul.
    84 | D        | Found a glowing silver altar of Zin.
    85 | D        | Found a glowing golden altar of the Shining One.
   122 | D        | Noticed a centaur
   122 | D        | Noticed a gargoyle
   122 | D        | Noticed a centaur
   122 | D        | Noticed a yak
   122 | D        | Noticed a gnoll sergeant
   132 | D        | Killed a gnoll sergeant
   132 | D        | Reached **** piety under Trog
   133 | D        | Reached skill level 5 in Fighting
   133 | D        | Reached skill level 6 in Maces & Flails
   133 | D        | Reached skill level 5 in Dodging
   133 | D        | Reached XP level 4. HP: 37/50 MP: 3/3
   133 | D        | Killed a yak
   134 | D        | Reached skill level 7 in Maces & Flails
   134 | D        | Reached XP level 5. HP: 46/61 MP: 4/4
   134 | D        | Reached XP level 6. HP: 52/68 MP: 5/5
   139 | D        | Reached skill level 8 in Maces & Flails
   150 | D        | Killed a gargoyle
   151 | D        | Reached skill level 9 in Maces & Flails
   151 | D        | Reached XP level 7. HP: 13/80 MP: 6/6
   156 | D        | Reached ***** piety under Trog
   210 | D        | Noticed a wraith
   210 | D        | Noticed a slime creature
   210 | D        | Noticed a deep elf pyromancer
   210 | D        | Noticed a centaur warrior
   210 | D        | Noticed a cyclops
   217 | D        | Killed a cyclops
   218 | D        | Reached skill level 10 in Maces & Flails
   218 | D        | Reached XP level 8. HP: 92/92 MP: 7/7
   221 | D        | Killed a centaur warrior
   221 | D        | Received a gift from Trog
   222 | D        | Reached skill level 11 in Maces & Flails
   224 | D        | Killed a slime creature
   225 | D        | Reached skill level 10 in Fighting
   225 | D        | Reached skill level 12 in Maces & Flails
   231 | D        | Killed a deep elf pyromancer
   232 | D        | Reached XP level 9. HP: 29/102 MP: 8/8
   237 | D        | Slain by a wraith

Illustrated notes

Levels and vault maps discovered:
D:        linesprint [early_d, line_temple, items_1, d_10, items_2, lair_1,
          lair_end, items_3, orc_1, orc_end, items_4, d_15, swamp_1, shoals_1,
          snake_1, spider_1, d_20, vaults_1, items_5, swamp_end, shoals_end,
          snake_end, spider_end, vaults_end, d_27, items_6, zot_1, zot_end,
          crypt_end, forest_end, elf_end, slime_end, tomb_end, abyss_end,
          pan_hell_end]

Skill      XL: |  1  2  3  4  5  6  7  8 |
---------------+-------------------------+-----
Maces & Flails | 4 6 7 9 10 12 | 12.6
Fighting       | 3 5 6 8 9 10 | 10.3
Dodging        | 3 5 6 7 8 9 |  9.5
Stealth        | |  0.3

Action                   |  1- 3 |  4- 6 |  7- 9 || total
-------------------------+-------+-------+-------++-------
Melee: Mace              |    20 |       |       ||    20
       Dire flail        |     8 |    16 |    28 ||    52
Invok: Berserk           |     3 |       |     1 ||     4
Armor: Animal skin       |     1 |     1 |     6 ||     8
Dodge: Dodged            |     8 |    10 |    22 ||    40

Table legend: (Time is in decaauts)
 A = Elapsed time spent in this place.
 B = Non-inter-level travel time spent in this place.
 C = Inter-level travel time spent in this place.
 D = Time resting spent in this place.
 E = Time spent auto-exploring this place.
 F = Levels seen in this place.
 G = Mean time per level.
                   A        B        C        D        E       F      G
               +--------+--------+--------+--------+--------+-----+--------+
         Total |    248 |    248 |      0 |     90 |      0 |   1 |  248.0 |
       Dungeon |    248 |    248 |      0 |     90 |      0 |   1 |  248.0 |
               +--------+--------+--------+--------+--------+-----+--------+

Top non-repeatable levels by time:
       D: 248 daAuts
